 Dungeon Crawl Stone Soup version 0.29.1-15-g9cfb28693d (webtiles) character file.

Game seed: 13069071789263478538

53 safid the Chiller (level 3, -4/27 HPs)
             Began as a Merfolk Ice Elementalist on Mar 31, 2023.
             Slain by a goblin
             ... wielding a +0 club
             ... led by Robin
              (6 damage)
             ... on level 2 of the Dungeon.
             The game lasted 00:03:50 (1582 turns).

safid the Chiller (Merfolk Ice Elementalist)        Turns: 1582, Time: 00:03:51

Health: -4/27      AC:  3    Str:  8    XL:     3   Next: 87%
Magic:  2/7        EV: 13    Int: 16    God:
Gold:   62         SH:  0    Dex: 20    Spells: 0/7 levels left

rFire   . . .      SeeInvis .   i - +0 war axe
rCold   . . .      Faith    .   (no shield)
rNeg    . . .      Spirit   .   a - +0 robe
rPois   .          Reflect  .   (no helmet)
rElec   .          Harm     .   (no cloak)
rCorr   .          Rampage  .   e - +0 pair of gloves
Will    .....                   (no boots)
Stlth   ++........              (no amulet)
HPRegen 0.09/turn               h - +6 ring of dexterity
MPRegen 0.10/turn               (no ring)

@: no status effects
A: (nimble swimmer 2), mertail
a: no special abilities


You were on level 2 of the Dungeon.
You visited 1 branch of the dungeon, and saw 2 of its levels.

You collected 62 gold pieces.

Inventory:

Hand Weapons
 i - a +0 war axe (weapon)
Armour
 a - a +0 robe (worn)
 e - a +0 pair of gloves (worn)
Jewellery
 h - a +6 ring of dexterity (left hand)
Scrolls
 d - 3 scrolls of noise {unknown}
 f - a scroll of enchant weapon {unknown}
Potions
 b - a potion of magic
 c - a potion of might {unknown}
 g - a potion of curing {unknown}


   Skills:
 + Level 2.0 Fighting
 - Level 2.6 Dodging
 - Level 2.1 Stealth
 + Level 2.7 Spellcasting
 + Level 4.9 Ice Magic


You couldn't memorise any spells.
You knew the following spells:

 Your Spells              Type           Power      Damage    Failure   Level
a - Freeze                Ice            72%        1d9       2%          1
b - Frozen Ramparts       Ice            36%        1d6       8%          3
c - Ozocubu's Armour      Ice            18%        N/A       8%          3

Your spell library contained the following spells:

 Spells                   Type           Power      Damage    Failure   Level
 Sandblast                Erth           4%         2d4       19%         1
 Passwall                 Tmut/Erth      1%         N/A       28%         2
 Sublimation of Blood     Necr           2%         N/A       28%         2
 Stone Arrow              Conj/Erth      4%         3d7       50%         3
 Hailstorm                Conj/Ice       10%        3d5       56%         4
 Petrify                  Tmut/Erth      2%         N/A       88%         4
 Irradiate                Conj/Tmut      1%         3d12      99%         5


Dungeon Overview and Level Annotations

Branches:
Dungeon (2/15)

Altars:

Annotations:
D:2 Robin


Innate Abilities, Weirdness & Mutations

((You are very nimble when in or above water. (Stealth+, EV+, Speed+++)))
Your lower body shifts to a powerful aquatic tail in water.


Message History

You kill the goblin!
A hobgoblin comes into view.
The wall freezes Robin but does no damage.
A goblin comes into view. It is wielding a +0 club.
The wall freezes Robin but does no damage.
Robin roars a battlecry!
The hobgoblin goes into a battle-frenzy!
The wall freezes the hobgoblin.
You kill the hobgoblin!
The wall freezes Robin.
Robin zaps a wand.
The bolt of dispelling energy hits you!
Your magical effects are unravelling.
A goblin comes into view. It is wielding a +0 club.
The frozen ramparts melt away.
Robin throws the goblin at you!
You are too injured to fight recklessly!
You barely miss the goblin. The goblin closely misses you.
Unknown command.
You closely miss the goblin. You hit Robin. The goblin barely misses you.
A hobgoblin comes into view.
Robin throws the goblin at you! The goblin hits you but does no damage.
The goblin hits you with a +0 club. Robin barely misses you.
Unknown command.
You barely miss the goblin. You hit the goblin. You barely miss Robin.
The goblin barely misses you. The goblin closely misses you.
Robin hits you with a +0 short sword.
Unknown command.
You barely miss the goblin. You hit the goblin.
You kill the goblin!
You hit Robin. The goblin barely misses you.
Robin hits you with a +0 short sword. The goblin hits you with a +0 club.
* * * LOW HITPOINT WARNING * * *
Robin hits you with a +0 short sword.
* * * LOW HITPOINT WARNING * * *
Your Fighting skill increases to level 2!
Robin roars a battlecry!
The goblin closely misses you.
Things that are here:
a +0 club; a goblin corpse The goblin attacks as you move away!
The goblin hits you with a +0 club.
You die...

#. #. #. ######.###
######
.........#########......
................@g#
...........######.#
#....##.#.######g#
#.##...)#.......)#
#.##.#)....## #.$#
#.##÷#.##..# ....
##.##.).....# #####
....÷..........
##.##########.#


You could see Robin and a goblin (strong).

Vanquished Creatures
  An adder (D:2)
  A ball python (D:1)
  2 endoplasms
  A giant cockroach (D:1)
  9 goblins
  7 hobgoblins
  4 jackals (D:1)
  3 quokkas
  5 bats
  A kobold (D:1)
  4 rats
38 creatures vanquished.

Notes
Turn   | Place    | Note
-------+----------+-------------------------------------------
     0 | D:1      | safid the Merfolk Ice Elementalist began the quest for the
                  | Orb.
     0 | D:1      | Reached XP level 1. HP: 13/13 MP: 3/3
     4 | D:1      | Noticed a minotaur zombie
     8 | D:1      | Noticed a demonspawn zombie
    13 | D:1      | Noticed a minotaur zombie
   202 | D:1      | Reached XP level 2. HP: 20/20 MP: 3/5
   243 | D:1      | Reached skill level 1 in Fighting
   476 | D:1      | You fall into a shaft and drop 1 floor!
   477 | D:2      | Found a faded altar of an unknown god.
   931 | D:1      | Reached XP level 3. HP: 23/26 MP: 3/6
  1301 | D:2      | Learned a level 3 spell: Frozen Ramparts
  1305 | D:2      | Learned a level 3 spell: Ozocubu's Armour
  1570 | D:2      | Noticed Robin
  1582 | D:2      | Slain by a goblin

Illustrated notes

Levels and vault maps discovered:
D:1:      shiori_arrival_whats_in_store_for_you, layout_basic
D:2:      minmay_diamond_boxcup, layout_basic, basic_ecumenical_altar,
          minmay_domino_4, uniq_robin

Skill      XL: |  1  2  3 |
---------------+----------+-----
Fighting       | 1 2 |  2.0
Dodging        | |  2.6
Stealth        | |  2.1
Spellcasting   | |  2.7
Ice Magic      | |  4.9

Action                   || total
-------------------------++-------
Melee: Unarmed           ||    13
       Hand axe          ||    27
       War axe           ||    11
 Cast: Freeze            ||    28
       Frozen Ramparts   ||     2
 Stab: Sleeping          ||     2
Armor: Robe              ||    27
Dodge: Dodged            ||    82
